Cogmind - Beta 11.1 @@@ ROGUE MODE // 2022.07.09 @ 22:25:55 Player: tkc Result: Destroyed by H-55 Commando with Gauss Rifle Performance ------------- Evolutions (2) 1000 Regions Visited (5) 1000 Robots Destroyed (57) 285 Value Destroyed (1262) 1262 Prototype IDs (2) 40 Alien Tech Used (0) 0 Bonus (194) 194 TOTAL SCORE: 3781 Bonus ------- Follower Combat Kills 35 Aligned with FarCom 300 Friendly Fire -141 Cogmind --------- Core Integrity 0/550 Matter 55/300 Energy 124/125 System Corruption 5% Temperature Cool (0) Movement Rolling (135) Ox3 Location -8/Materials Parts ------- > --- POWER (1) -------- Light Ion Engine > --- PROPULSION (3) --- Armored Wheel > --- UTILITY (5) ------ High-capacity Storage Unit Hacking Suite > --- WEAPON (2) ------- Grenade Launcher > --- INVENTORY (20) --- Light Nuclear Core Light Nuclear Core Combat Airjet Combat Airjet Large Storage Unit High-capacity Matter Pod (200) Advanced Weight Redist. System Improved Signal Interpreter Improved Signal Interpreter Authchip [R/Combat] Authchip [Device] Shotgun Battle Cannon Improved Grenade Launcher Heavy Hammer Peak State ------------ > --- POWER ------------ Light Ion Engine > --- PROPULSION ------- Light Treads Light Treads Compact Wheel > --- UTILITY ---------- Improved Heat Sink High-capacity Storage Unit Sensor Array Signal Interpreter Hacking Suite > --- WEAPON ----------- Heavy Particle Gun Heavy Assault Rifle > --- INVENTORY -------- Light Ion Engine Light Nuclear Core Wheel Wheel Armored Wheel Combat Airjet Combat Airjet Large Storage Unit High-capacity Matter Pod Advanced Weight Redist. System Improved Signal Interpreter Authchip [R/Combat] Authchip [Device] Heavy Assault Rifle Heavy Assault Rifle Shotgun Enhanced Autogun Grenade Launcher Improved Grenade Launcher Heavy Hammer [Rating: 24] Favorites ----------- Power Light Ion Engine Engine Light Ion Engine Power Core Light Nuclear Core Propulsion Wheel Treads Light Treads Wheel Wheel Hover Unit Combat Airjet Utility Seismic Detector Device Seismic Detector Storage High-capacity Storage Unit Processor Signal Interpreter Hackware Hacking Suite Protection Improved Light Armor Plating Weapon Medium Laser Energy Gun Medium Laser Energy Cannon Particle Cannon Ballistic Gun Heavy Assault Rifle Ballistic Cannon Battle Cannon Launcher Grenade Launcher Impact Weapon Heavy Hammer Build | -11 -10 -10 -10 -9 -8 ------- Run | Scr Mat Min Exi Min Mat Slots Evolved 4 | . . . . . 4 Power . | . . . . . . Propulsion 1 | . . . . . 1 Utility 3 | . . . . . 3 Weapon . | . . . . . . Parts Attached 66 | 8 2 3 3 17 33 Power 12 | 1 1 1 1 2 6 Engine 11 | 1 1 1 1 2 5 Core 1 | . . . . . 1 Reactor . | . . . . . . Propulsion 18 | 2 . 1 . 4 11 Treads 6 | . . 1 . . 5 Leg . | . . . . . . Wheel 11 | 2 . . . 4 5 Hover 1 | . . . . . 1 Flight . | . . . . . . Utility 12 | 2 1 . 2 2 5 Device 4 | 1 . . . . 3 Storage 4 | 1 1 . 2 . . Processor 2 | . . . . 1 1 Hackware 1 | . . . . . 1 Protection 1 | . . . . 1 . Artifact . | . . . . . . Weapon 24 | 3 . 1 . 9 11 Energy Gun 8 | 2 . . . 3 3 Energy Cannon 1 | . . . . 1 . Ballistic Gun 7 | 1 . . . 1 5 Ballistic Cannon 1 | . . 1 . . . Launcher 5 | . . . . 3 2 Special Weapon . | . . . . . . Impact Weapon 2 | . . . . 1 1 Slashing Weapon . | . . . . . . Piercing Weapon . | . . . . . . Special Melee Weapon . | . . . . . . Unidentified Prototypes 2 | . . . . . 2 Parts Lost 26 | . . 1 . 5 20 Power 4 | . . . . . 4 Propulsion 11 | . . 1 . 2 8 Utility 5 | . . . . 1 4 Weapon 6 | . . . . 2 4 Highest Loss Streak 9 | . . 1 . 2 9 To Critical Strikes . | . . . . . . Average Slot Usage (%) 96 | . 100 99 100 95 86 Engine 12 | . 14 14 14 14 8 Treads 9 | . . 13 14 . 10 Wheel 16 | . 28 14 14 24 10 Device 12 | . 14 14 14 8 11 Storage 13 | . 14 14 14 14 9 Processor 2 | . . . . 4 6 Hackware 1 | . . . . . 8 Energy Gun 11 | . 28 15 14 7 4 Ballistic Gun 2 | . . . . 1 10 Ballistic Cannon 9 | . . 12 14 8 . Launcher 2 | . . . . 7 2 Naked Turns . | . . . . . . Heaviest Build 54 | 13 18 19 49 54 54 Greatest Support 40 | 26 26 20 20 32 40 Greatest Overweight (x) 5 | . . 1 4 4 5 Average Overweight (x) 1 | . . . 1 2 2 Largest Inventory Capacity 20 | 8 10 10 20 20 20 Average Capacity 15 | 7 8 10 15 20 20 Most Carried 20 | 8 10 10 13 20 20 Average Carried 13 | 4 8 9 11 17 17 Final Capacity 20 | 8 10 10 20 20 20 Final Carried 20 | 8 10 10 13 20 15 Class Distribution -------------------- 84% | Mutant 10% | Scavenger-Skirmisher 4% | Scavenger-Mutant Dominant Class ---------------- Mutant | -10/Materials Mutant | -10/Mines Mutant | -10/Exiles Mutant | -9/Mines Scavenger-Skirmisher | -8/Materials Resources | -11 -10 -10 -10 -9 -8 ----------- Run | Scr Mat Min Exi Min Mat Matter Collected 1352 | 279 161 40 20 335 517 Remotely . | . . . . . . Salvage Created 1807 | 88 249 107 . 270 1093 Parts 112 | 7 13 5 . 13 74 Haulers Intercepted 5 | . 1 . . . 4 Recyclers Shooed 1 | 1 . . . . . Parts Field Recycled . | . . . . . . Retrieved Matter . | . . . . . . Parts Self-Destructed . | . . . . . . Prevented . | . . . . . . Kills | -11 -10 -10 -10 -9 -8 ------- Run | Scr Mat Min Exi Min Mat Combat Hostiles Destroyed 34 | . 2 2 . 10 20 Guns 14 | . 2 1 . 1 10 Cannons 4 | . . . . 4 . AOE 15 | . . . . 5 10 Classes Destroyed 13 | 2 4 . . 2 5 Worker 4 | . . . . . 4 Builder 5 | . 1 . . . 4 Tunneler 3 | 2 1 . . . . Hauler 5 | . 1 . . . 4 Recycler 4 | 1 . . . 1 2 Watcher 5 | . 2 . . . 3 Swarmer 9 | . . . . 3 6 Grunt 14 | . 2 2 . 4 6 Duelist 1 | . . . . . 1 Sentry 4 | . . . . . 4 Specialist 2 | . . . . . 2 Heavy 1 | . . . . . 1 Assembled 4 | . . . . 4 . Best Kill Streak 11 | 3 2 2 . 5 11 Combat Bots Only 4 | . 1 2 . 4 4 Max Kills in Single Turn 3 | 1 1 1 . 3 3 Gunslinging . | . . . . . . Exploded 3 | . . . . 2 3 Melee . | . . . . . . Uniques/NPCs Destroyed . | . . . . . . Combat | -11 -10 -10 -10 -9 -8 -------- Run | Scr Mat Min Exi Min Mat Damage Taken 3546 | . 163 168 . 825 2390 Core 788 | . 42 44 . 147 555 Absorbed by Shields . | . . . . . . Core Remaining (%) 53 | 100 . . . 6 . Volleys Fired 138 | 12 20 8 . 19 79 Largest 2 | 2 2 2 . 2 2 Hottest 100 | 100 100 100 . 91 85 Shots Fired 266 | 24 40 16 . 32 154 Gun 222 | 24 40 15 . 10 133 Cannon 17 | . . 1 . 16 . Launcher 27 | . . . . 6 21 Special . | . . . . . . Kinetic 110 | . . 1 . 19 90 Thermal 129 | 24 40 15 . 7 43 Explosive 27 | . . . . 6 21 Electromagnetic . | . . . . . . Robot Hit Streak 22 | 4 7 6 . 8 22 Robot Miss Streak 4 | 4 3 4 . 3 3 Penetration Max . | . . . . . . Secondary Targets . | . . . . . . Shots Hit Robots 170 | 14 26 8 . 17 105 Core Hits 100 | 4 11 4 . 19 62 Critical Kills . | . . . . . . Critical Parts Destroyed . | . . . . . . Critical Strikes 8 | 2 2 1 . 1 2 Burn 7 | 2 2 1 . . 2 Blast 1 | . . . . 1 . Melee Attacks 3 | . . . . 1 2 Impact 3 | . . . . 1 2 Slashing . | . . . . . . Piercing . | . . . . . . Sneak Attacks . | . . . . . . Combat Hostiles . | . . . . . . Follow-up Attacks . | . . . . . . Damage Inflicted 4274 | 201 327 103 . 679 2964 Guns 2341 | 201 327 103 . 121 1589 Cannons 247 | . . . . 247 . Explosions 1686 | . . . . 311 1375 Melee . | . . . . . . Ramming . | . . . . . . Kinetic 1269 | . . . . 311 958 Thermal 1319 | 201 327 103 . 57 631 Explosive 1686 | . . . . 311 1375 Electromagnetic . | . . . . . . Impact . | . . . . . . Slashing . | . . . . . . Piercing . | . . . . . . Highest Corruption 8 | . . . . 8 5 Average Corruption 5 | . . . . 8 5 Corruption Purged . | . . . . . . Corruption Blocked . | . . . . . . Effects 10 | . . . . 1 9 Message Errors 2 | . . . . . 2 Matter Fused 2 | . . . . . 2 Heat Flow Errors 1 | . . . . . 1 Data Loss (minor) 3 | . . . . . 3 Data Loss (major) 1 | . . . . 1 . Misfires 1 | . . . . . 1 Overload Shots . | . . . . . . Overflow Damage 106 | . . . . 38 68 Projectiles . | . . . . . . Explosions 106 | . . . . 38 68 Melee . | . . . . . . Knockbacks 4 | . . . . 4 . Impact . | . . . . . . Kinetic 4 | . . . . 4 . Secondary . | . . . . . . Self-Inflicted Damage 76 | . . . . 74 2 Shots 5 | . . . . 4 1 Rammed . | . . . . . . Targets Rammed . | . . . . . . Kicked . | . . . . . . Crushed . | . . . . . . Highest Temperature 372 | 195 280 372 . 72 299 Average Temperature 99 | 92 116 180 . 28 83 Received Heat Transfer 837 | . 111 99 . 42 585 Siege Activations . | . . . . . . Robots Corrupted . | . . . . . . Combat Hostiles . | . . . . . . Parts Fried . | . . . . . . Impact Corruptions . | . . . . . . Robots Melted 1 | . . 1 . . . Combat Hostiles 1 | . . 1 . . . Parts Melted 3 | . 2 . . . 1 Heat Transferred 3700 | 740 1110 370 . 148 1332 Parts Sabotaged . | . . . . . . Parts Stolen . | . . . . . . Parts Stripped . | . . . . . . Power Chain Reactions . | . . . . . . Missiles Intercepted . | . . . . . . Alert | -11 -10 -10 -10 -9 -8 ------- Run | Scr Mat Min Exi Min Mat Peak Influence 399 | 15 156 100 . 138 399 Initial 60 | . 9 60 . . 23 Average 67 | 6 50 42 . 24 157 Maximum Alert Level 1 | . . . . . 1 Low Security (%) 87 | 100 100 100 . 100 56 Level 1 12 | . . . . . 43 Level 2 . | . . . . . . Level 3 . | . . . . . . Level 4 . | . . . . . . Level 5 . | . . . . . . High Security . | . . . . . . Max Security . | . . . . . . Squads Dispatched 5 | . 1 . . . 4 Investigation . | . . . . . . Extermination . | . . . . . . Reinforcement 5 | . 1 . . . 4 Assault . | . . . . . . Garrison . | . . . . . . Intercept . | . . . . . . Searches Triggered . | . . . . . . Construction Impeded . | . . . . . . Haulers Reinforced . | . . . . . . Active Scanning Responses . | . . . . . . Cargo Convoy Interrupts . | . . . . . . Stealth | -11 -10 -10 -10 -9 -8 --------- Run | Scr Mat Min Exi Min Mat Distress Signals 6 | . . . . . 6 Communications Jammed . | . . . . . . Distress Signals . | . . . . . . Times Spotted 62 | . 7 2 . 18 35 Peak Tracking Total 9 | . 3 2 . 9 6 Tactical Retreats 7 | . 2 . . 3 2 Traps | -11 -10 -10 -10 -9 -8 ------- Run | Scr Mat Min Exi Min Mat Traps Triggered . | . . . . . . Indirectly . | . . . . . . Trap Hack Attempts . | . . . . . . Triggered . | . . . . . . Disarmed . | . . . . . . Reprogrammed . | . . . . . . Reused . | . . . . . . Traps Extracted . | . . . . . . Installed . | . . . . . . Triggered . | . . . . . . Machines | -11 -10 -10 -10 -9 -8 ---------- Run | Scr Mat Min Exi Min Mat Machines Disabled 1 | . . . . 1 . Max in Single Turn 1 | . . . . 1 . Machines Sabotaged . | . . . . . . Garrisons Compromised . | . . . . . . Overloaded Fab Kills . | . . . . . . Hacking | -11 -10 -10 -10 -9 -8 --------- Run | Scr Mat Min Exi Min Mat Machines Accessed 14 | . 4 . 4 1 5 Terminals 9 | . 4 . . 1 4 Fabricators . | . . . . . . Repair Stations . | . . . . . . Recycling Units . | . . . . . . Scanalyzers 1 | . . . . . 1 Garrison Access . | . . . . . . Total Hacks 79 | . 8 . 49 1 21 Successful 65 | . 3 . 49 . 13 Failed 14 | . 5 . . 1 8 Catastrophic . | . . . . . . Database Lockouts . | . . . . . . Manual 24 | . 8 . . . 16 Terminals 24 | . 8 . . 1 15 Fabricators . | . . . . . . Repair Stations . | . . . . . . Recycling Units . | . . . . . . Scanalyzers 6 | . . . . . 6 Garrison Access . | . . . . . . Terminal Hacks 52 | . . . 49 . 3 Record 49 | . . . 49 . . Level Access Points 1 | . . . . . 1 Terminal Index 1 | . . . . . 1 Fabricator Index 1 | . . . . . 1 Fabricator Hacks . | . . . . . . Repair Station Hacks . | . . . . . . Recycling Unit Hacks . | . . . . . . Scanalyzer 6 | . . . . . 6 Insert Component 3 | . . . . . 3 Analyze 3 | . . . . . 3 Garrison Access Hacks . | . . . . . . Unauthorized Hacks 7 | . 3 . . . 4 Terminals 7 | . 3 . . . 4 Track 1 | . . . . . 1 Botnet 4 | . 2 . . . 2 Disrupt 2 | . 1 . . . 1 Fabricators . | . . . . . . Repair Stations . | . . . . . . Recycling Units . | . . . . . . Scanalyzers . | . . . . . . Garrison Access . | . . . . . . Data Cores Recovered . | . . . . . . Used . | . . . . . . Hacking Detections 10 | . 4 . . 1 5 Full Trace Events . | . . . . . . Feedback Events . | . . . . . . Feedback Blocked . | . . . . . . Robot Schematics Acquired . | . . . . . . Robots Built . | . . . . . . Authchips . | . . . . . . Time . | . . . . . . Total Robot Build Rating . | . . . . . . Part Schematics Acquired 3 | . . . . . 3 Parts Built . | . . . . . . Authchips . | . . . . . . Time . | . . . . . . Total Part Build Rating . | . . . . . . Parts Repaired . | . . . . . . Time . | . . . . . . Parts Recycled . | . . . . . . Recycled Matter . | . . . . . . Retrieved Matter . | . . . . . . Retrieved Components . | . . . . . . Parts Scanalyzed 3 | . . . . . 3 Part Schematics Acquired 3 | . . . . . 3 Parts Damaged . | . . . . . . Bothacking | -11 -10 -10 -10 -9 -8 ------------ Run | Scr Mat Min Exi Min Mat Used RIF Installer . | . . . . . . Robots Hacked . | . . . . . . Non-combat . | . . . . . . Combat . | . . . . . . Robot Hacks Applied . | . . . . . . Relay Couplers Released . | . . . . . . Fabnet Peak Effective % . | . . . . . . Robots Rewired . | . . . . . . Allies Hacked . | . . . . . . Hacks Repelled . | . . . . . . Allies | -11 -10 -10 -10 -9 -8 -------- Run | Scr Mat Min Exi Min Mat Total Allies 3 | . . . . 3 . Largest Group 3 | . . . . 3 . Highest-Rated Group 40 | . . . . 40 . Highest-Rated Ally 16 | . . . . 16 . Total Orders . | . . . . . . Ally Attacks 19 | . . . . 19 . Total Damage 225 | . . . . 225 . Kills 1 | . . . . 1 . Allies Corrupted . | . . . . . . Allies Melted . | . . . . . . Intel | -11 -10 -10 -10 -9 -8 ------- Run | Scr Mat Min Exi Min Mat Robot Analysis Total . | . . . . . . Derelict Logs Recovered 3 | . . 1 . 2 . Drone Launches . | . . . . . . Drone Recoveries . | . . . . . . Exploration | -11 -10 -10 -10 -9 -8 ------------- Run | Scr Mat Min Exi Min Mat Turns Passed 5225 | 108 221 924 1833 1189 950 Spaces Moved 2934 | 61 167 561 885 872 388 Core 9 | 9 . . . . . Treads 1326 | . . 556 706 . 64 Legs . | . . . . . . Wheels 1591 | 52 167 5 179 872 316 Hover 8 | . . . . . 8 Flight . | . . . . . . Fastest Speed 50 | 50 90 95 140 105 105 Average Speed 155 | 85 90 159 206 117 161 Slowest Speed 365 | 100 90 160 240 145 365 Overloaded Moves . | . . . . . . Propulsion Burnouts . | . . . . . . Robots Hopped . | . . . . . . Cave-ins Triggered 2 | . . . . 1 1 Exploration Rate (%) 61 | 4 37 99 93 94 42 Regions Visited 5 Branch Regions 3 Pre-discovered Areas 2 | . . . 1 1 . Known Exits Taken . | . . . . . . Unknown Exits Taken 5 | 1 1 1 1 1 . Scrap Searched 4 | . . 2 . 2 . Spaces Dug 1 | . . . . . 1 Terrain Destroyed 163 | . . . . 52 111 Melee 1 | . . . . . 1 Projectile 3 | . . . . 3 . AOE 159 | . . . . 49 110 Terrain Rammed . | . . . . . . Walls Destroyed . | . . . . . . Machines Disabled . | . . . . . . Actions | -11 -10 -10 -10 -9 -8 --------- Run | Scr Mat Min Exi Min Mat Total 3311 | 88 200 574 895 998 556 Wait 102 | . . . . 72 30 Move 2928 | 60 166 560 884 870 388 Hop . | . . . . . . Pick Up 47 | 8 6 2 4 11 16 Fast Attach 14 | 7 . . 1 3 3 Attach 23 | . . 1 . 2 20 Detach 2 | . . . . . 2 Swap 29 | 1 2 2 2 12 10 Drop 24 | . 6 1 4 7 6 Fire 138 | 12 20 8 . 19 79 Melee 3 | . . . . 1 2 Ram . | . . . . . . Kick . | . . . . . . Crush . | . . . . . . Escape Stasis 1 | . . . . 1 . Rewire . | . . . . . . Trap . | . . . . . . Miscellaneous . | . . . . . . Route ------- -11/Scrapyard -10/Materials -10/Mines (discovered 3 exits: [*Mat x2] / *Exi) -10/Exiles (discovered 2 exits: *Min x2) -9/Mines (discovered 2 exits: *Mat x2) -8/Materials (discovered 3 exits: Fac x3) History --------- Turn | Location | Event 31 | -11/Scrapyard | Discovered new exit (range 14) 109 | -11/Scrapyard | Entered Materials 310 | -10/Materials | Build established: Mutant 310 | -10/Materials | Discovered new exit (range 15) 330 | -10/Materials | Entered Mines 353 | -10/Mines | Met a Derelict bent on vengeance 398 | -10/Mines | A weapon hastily lodged in a ceiling crevice suddenly fell to the ground 599 | -10/Mines | Discovered new exit (range 15) 721 | -10/Mines | Discovered new exit (range 15) 755 | -10/Mines | Learned Materials security intel 1137 | -10/Mines | Deemed a non-threat by the Exiles lab entrance 1137 | -10/Mines | Discovered new exit (range 5) 1254 | -10/Mines | Entered Exiles 1295 | -10/Exiles | Discovered new exit (range 15) 1335 | -10/Exiles | Met 8R-AWN 1370 | -10/Exiles | Met EX-HEX 1572 | -10/Exiles | Met EX-DEC 1618 | -10/Exiles | Visited The Gauntlet 1817 | -10/Exiles | Met EX-BIN 1853 | -10/Exiles | Aligned with FarCom system 1855 | -10/Exiles | Given EX-Vault access code 2306 | -10/Exiles | Learned location of Zion (-6) 2872 | -10/Exiles | Discovered new exit (range 14) 3087 | -10/Exiles | Entered Mines 3244 | -9/Mines | Assisted by bots powering up and referring to "LRC-V3" 3372 | -9/Mines | Discovered new exit (range 11) 3579 | -9/Mines | Joined a pair of Derelicts in attacking an 0b10 outpost 3752 | -9/Mines | Assembled infested the area 3757 | -9/Mines | Assisted by a Guerilla fighting off Assembled 3800 | -9/Mines | Core integrity fell below 50% 3998 | -9/Mines | Learned Materials emergency access door positions 4152 | -9/Mines | Discovered new exit (range 4) 4230 | -9/Mines | Crushed by falling debris 4231 | -9/Mines | Core integrity fell below 20% 4276 | -9/Mines | Entered Materials 4276 | -8/Materials | Evolved 4 slots: Propulsion x1, Utility x3 4636 | -8/Materials | Build established: Scavenger-Skirmisher 4858 | -8/Materials | Identified exit to Factory 4921 | -8/Materials | Core integrity fell below 50% 4934 | -8/Materials | Crushed by falling debris 4965 | -8/Materials | Lost 9 parts (2p3n2u2w) 5051 | -8/Materials | Core integrity fell below 20% 5104 | -8/Materials | Lost 4 parts (3n1w) 5226 | -8/Materials | Destroyed by H-55 Commando with Gauss Rifle Last Messages --------------- 05160_ ALERT: Hostiles spotted, dispatching reinforcements to Terminal M009. 05161_ U-05 Engineer lays Concrete. 05162_ CS6LWELX17I|OZE9Q4KPGR 05164_ Acquired 13 matter. 05164_ K-01 Serf collects debris. 05164_ U-05 Engineer lays Concrete. 05166_ U-05 Engineer builds a Wall. 05167_ K-01 Serf collects debris. 05194_ T-07 Excavator is excavating. 05199_ System corrupted: Component data lost. 05206_ Slug penetrates Wall. 05207_ T-07 Excavator is excavating. 05212_ Penetrated by Slug. 05215_ Hvy. Assault Rifle destroyed. 05215_ Imp. Heat Sink destroyed. 05215_ Critical hit (Burn: +37). 05216_ T-07 Excavator is excavating. [Achievement: Just Browsing] Map ----- +----------------------------------------------------+ | =*=[[ %! % + % "# | | [ [%=*% # ## %% | | ## ###/###### = %== = ## ###### | | ?#### # # %= # |= # ###???## | | #### # #?#####[# ### ## ?????# | | ????#### [! #???????# #?## ######## ?????# | | ???????# [! #???????# #??###??????# ?????# | | ???????# #??????? ??????????T" ?????# | | ???????# """ #??????? ????????? ?????# | | ???????# """ #?????? ???????? ?????# | | ???????# """ #?????? ???????? #??????## | | ???????# #??????#####??????? ????????? | | ???????###+######???????????????????? ????????? | | ?????????# #?????????????????????????????????????? | | ?????????# #?????????????????????????????????????? | | ?????????# #######???????????????????????????????? | | ?????????# #???????????????????????????????? | | ?????????#### #???????????????????????????????? | | ????????????# #???????????????????????????????? | | ????????????# #??????????w????????????????????? | | ????????????# #???????????????????????????????? | | ????????????# #???????????????????????????????? | | ????????????# #?????????????????? #???????????? | | ?????????#??# #?????????????? #???????????? | | ????????# # Y########### #???????????? | | ????????# t h @ #???????????? | | ?????????# # #???????????? | | ??????????### #???????????? | | ????????????# #???????????? | | ????????????# a #???????????? | | ????????????# ??????????? | | ????????????# ??????????? | | ????????????# ?gg???????? | | ????????????# ???????????? | | ????????????# ???????????? | | ????????????# ????????????? | | ????????????# ????????????? | | ????????????# ??????????????? | | ????????????#####################????????????????? | | ?????????????????????????????????????????????????? | | ?????????????????????????????????????????????????? | | ?????????????????????????????????????????????????? | | | | | | | | | | | | | | | | | +----------------------------------------------------+ Best States ------------- Heat Dissipation 45 Energy Generation 14 Energy Capacity 265 Matter Stores 300 Matter Capacity 300 Sight Range 16 Robot Scan Range 14 Terrain Scan Density 10 Armor Coverage 150 Evasion (%) 42 Targeting Accuracy 6 Recoil Reduction 2 Offensive Hacking 10 Authchip Count 2 Item Schematics ----------------- Cmb. Airjet | -8/Materials | Scanalyzed Hvy. Hammer | -8/Materials | Scanalyzed Arm. Wheel | -8/Materials | Scanalyzed Robot Schematics ------------------ None Fabricated ------------ Nothing Alien Tech Used ----------------- None Achievements -------------- Just Browsing Challenges ------------ None Game ------ Seed PhaseMobileRipper Manual? 0 Play Time 01:06:07 Cumulative 44.5 hours Start 2022.07.09 @ 18:44:58 End 2022.07.09 @ 22:25:55 Sessions 2 Manual Loads 0 Difficulty Rogue Special Mode None Game No. 33 Rogue 32 Adventurer 0 Explorer 1 Win Type - Total 0 Types 0/0/0/0/0/0/0/0/0 Lore% 17 Gallery% 25 Achievement% 19 Wizard Run 0 Options --------- ASCII 0 Keyboard 0 Movement Mouse Keybinds 0 Fullscreen 1 Font 36/Terminus Map View 76x50 Tactical HUD 1 Map Filters NONE Filters NONE Steam 1 RUN: df338f51-c9b4-4e7d-adca-78baf1513946